 Dungeon Crawl Stone Soup version 0.30.1-11-g7821555f0a (webtiles) character file.

Game seed: 16992304335027209489

44 Peloso the Shield-Bearer (level 3, 0/33 HPs)
             Began as a Minotaur Fighter on Dec 5, 2023.
             Slain by an ogre
             ... wielding a +0 giant club
              (29 damage)
             ... on level 2 of the Dungeon.
             The game lasted 00:01:47 (1115 turns).

Peloso the Shield-Bearer (Minotaur Fighter)         Turns: 1115, Time: 00:01:47

Health: 0/33       AC:  7    Str: 20    XL:     3   Next: 39%
Magic:  2/2        EV:  9    Int:  5    God:
Gold:   167        SH:  4    Dex: 11    Spells: 2/2 levels left

rFire   . . .        a - +0 long sword
rCold   . . .        c - +0 buckler
rNeg    . . .        b - +0 scale mail
rPois   .            (helmet restricted)
rElec   .            (no cloak)
rCorr   .            (no gloves)
SInv    .            (no boots)
Will    .....        (no amulet) Stlth
                     (no ring)
HPRegen 0.25/turn    (no ring)
MPRegen 0.08/turn

%: no passive effects
@: mighty
A: horns 2, retaliatory headbutt
a: no special abilities


You were on level 2 of the Dungeon.
You visited 1 branch of the dungeon, and saw 2 of its levels.

You collected 167 gold pieces.

Inventory:

Hand Weapons
 a - a +0 long sword (weapon)
Armour
 b - a +0 scale mail (worn)
 c - a +0 buckler (worn)
Scrolls
 g - a scroll of immolation {unknown}
 j - a scroll of identify {unknown}
Potions
 e - a potion of lignification {unknown}
 f - a potion of berserk rage {unknown}
 h - 2 potions of brilliance {unknown}
 i - a potion of curing {unknown}


   Skills:
 + Level 4.2 Fighting
 + Level 2.8 Long Blades
 + Level 4.1 Armour
 + Level 0.4 Dodging
 + Level 4.2 Shields


You had 2 spell levels left.
You didn't know any spells.
Your spell library was empty.

Dungeon Overview and Level Annotations

Branches:
Dungeon (2/15)

Altars:

Shops:
D:1 *


Innate Abilities, Weirdness & Mutations

You have a pair of horns on your head.
You reflexively headbutt those who attack you in melee.


Message History

You are frozen.
You barely miss the endoplasm.
The endoplasm is almost dead.
You block the endoplasm's attack.
You hit the endoplasm.
You kill the endoplasm!
HP restored.
You now have 167 gold pieces (gained 6).
A rat comes into view.
A rat is nearby!
A rat is nearby!
A rat is nearby!
Found a chain mail.
A goblin comes into view. It is wielding a +0 club.
The goblin shouts!
You hear a shout!
The rat closely misses you. The goblin hits you with a +0 club.
An ogre comes into view. It is wielding a +0 giant club.
You hit the rat.
The rat is moderately wounded.
The rat closely misses you. The goblin hits you but does no damage.
The rat barely misses you. You block the goblin's attack.
You hit the rat.
You kill the rat!
The goblin hits you but does no damage. The goblin hits you but does no damage.
You see here a rat corpse.
The ogre attacks as you move away! The ogre closely misses you.
You furiously retaliate!
You headbutt the ogre. The goblin hits you but does no damage.
The goblin attacks as you move away! The goblin hits you but does no damage.
The goblin attacks as you move away! The goblin hits you but does no damage.
You aren't carrying any items that you can evoke.
You feel very mighty all of a sudden. The goblin closely misses you.
You slash the ogre!
The ogre is severely wounded.
The goblin hits you with a +0 club.
The ogre hits you with a +0 giant club!!
Ouch! That really hurt!
You die...

....# ##...........
##.
##.#.####...#†.[..#
...
..........#.......#
...
###.....##...###.###
####. ........##.##
.# .....
#......#...###.#
####.#
#..............# #
#.# #......gO..#####
# #.# #†.....@..## #
#.#####†........# #
#....))<.....####
#..######....# #..#
##...# ####..####
###.# .........# #.#
......##.# #.#
......# #


You could see an ogre and a goblin.

Vanquished Creatures
  A dart slug (D:1)
  2 bats
  4 endoplasms
  A giant cockroach (D:1)
  4 goblins
  9 jackals
  A quokka (D:1)
  5 ball pythons (D:1)
  A frilled lizard (D:1)
  4 kobolds
  3 rats
35 creatures vanquished.

Notes
Turn   | Place    | Note
-------+----------+-------------------------------------------
     0 | D:1      | Peloso the Minotaur Fighter began the quest for the Orb.
     0 | D:1      | Reached XP level 1. HP: 19/19 MP: 0/0
   181 | D:1      | Reached XP level 2. HP: 27/27 MP: 1/1
   504 | D:1      | Found Xyxzid's General Store.
   605 | D:1      | Reached XP level 3. HP: 32/33 MP: 2/2
  1103 | D:2      | Noticed an ogre
  1115 | D:2      | Slain by an ogre

Illustrated notes

Levels and vault maps discovered:
D:1:      dpeg_arrival_rooms_a, layout_loops_corners, serial_shops, shop,
          minmay_gold_behind_fungi
D:2:      layout_loops_ring

Skill      XL: |  1  2 |
---------------+-------+-----
Fighting       | 4 |  4.2
Shields        | 4 |  4.2
Armour         | 4 |  4.1
Long Blades    | |  2.8
Dodging        | |  0.4

Action                     || total
---------------------------++-------
  Melee: Long sword        ||    89
         Headbutt          ||    12
    Use: Potion            ||     1
 Armour: Scale mail        ||    40
  Dodge: Dodged            ||    38
  Block: Buckler           ||    18
